 Dungeon Crawl Stone Soup version 0.17.0-23-g0de4337 (console) character file.

90 jw the Chopper (level 4, 0/31 HPs)
             Began as an Octopode Berserker on Nov 13, 2015.
             Was a Believer of Trog.
             Slain by a goblin
             ... wielding a +0 club
              (2 damage)
             ... on level 3 of the Dungeon.
             The game lasted 00:06:52 (2471 turns).

jw the Chopper (Octopode Berserker)                 Turns: 2471, Time: 00:06:52

Health: 0/31       AC:  1    Str: 16    XL:     4   Next: 56%
Magic:  4/4        EV: 13    Int:  9    God:    Trog [**....]
Gold:   156        SH:  0    Dex: 16    Spells: 0 memorised, 3 levels left

rFire  . . .     SeeInvis .     a - +0 hand axe
rCold  . . .     Clarity  .     (no shield)
rNeg   + . .     SustAt   .     (helmet restricted)
rPois  .         Gourm    .     (no amulet)
rElec  .         Spirit   .     e - +4 ring of dexterity
rCorr  .         Warding  .     l - ring of positive energy
rMut   .         Stasis   .     (no ring)
MR     .....                    (no ring)
Stlth  ++........               (no ring)
                                (no ring)
                                (no ring)
                                (no ring)

@: not resistant to hostile enchantments, unstealthy
A: almost no armour, amphibious, 8 rings, constrict 8, camouflage 1, gelatinous
body 1
a: Berserk, Trog's Hand, Burn Spellbooks, Renounce Religion


You were on level 3 of the Dungeon.
You worshipped Trog.
Trog was pleased with you.
You were hungry.

You visited 1 branch of the dungeon, and saw 3 of its levels.

You collected 156 gold pieces.

Inventory:

Hand Weapons
 a - a +0 hand axe (weapon)
Missiles
 c - 3 stones (quivered)
Jewellery
 e - a +4 ring of dexterity (left tentacle)
 l - a ring of positive energy (right tentacle)
Scrolls
 d - 3 scrolls of identify
Potions
 g - a potion of curing
 h - a potion of brilliance {unknown}
 j - 2 potions of haste {unknown}
 k - a potion of cancellation {unknown}
Comestibles
 b - 2 bread rations
 f - 2 slices of pizza
 i - a beef jerky


   Skills:
 + Level 3.5 Fighting
 * Level 4.1 Axes
 + Level 2.2 Throwing
 - Level 3.0 Dodging


You had 3 spell levels left.
You didn't know any spells.

Dungeon Overview and Level Annotations

Branches:
Dungeon (3/15)

Altars:
Ru

Annotations:
D:3 jw's ghost, amateur OpBe


Innate Abilities, Weirdness & Mutations

You cannot wear most types of armour.
You are amphibious.
You can wear up to eight rings at the same time.
You can use your tentacles to constrict eight enemies at once.
Your skin changes colour to match your surroundings (Stealth).
Your rubbery body absorbs attacks (AC +1).


Message History

MOVING TO (0,1)
The goblin closely misses you.
MOVING TO (1,0)
The goblin hits you with a club.
MOVING TO (0,-1)
The goblin barely misses you.
MOVING TO (-1,0)
The goblin hits you with a club.
MOVING TO (0,-1) MOVING TO (-1,0)
The goblin closely misses you.
MOVING TO (0,1)
The goblin hits you with a club.
MOVING TO (-1,0)
The goblin hits you with a club.
MOVING TO (0,-1)
The goblin hits you with a club.
MOVING TO (-1,0)
The goblin hits you with a club.
You die...

......##..#.....(...# #...#
.###..##..#.........# #...#
.#........#.#+##'#########...####
.#.....#.##.#.#..................
.#..........#.#..##.#.###########
.#.............................
...#..#######.#..##.#.#.####..#
.#.#..#######.#...#.#.#........
...#............x..........#..#
####..#######.#.g.#...#.##.#
####............W.....#.# .#
.......####...........#.# #
#.##.#.##..........(..#.#
.....#.##.............#..
#.##.#.##.........###....
#....#'##...#####..........
#..#...[....+ #..........


You could see jw's ghost and a goblin.

Table legend:
 A = Turns spent in this place as a percentage of turns spent in the entire game.
 B = Non-inter-level travel turns spent in this place as a percentage of non-inter-level travel turns spent in the entire game.
 C = Inter-level travel turns spent in this place as a percentage of turns spent in this place.
 D = Turns resting spent in this place as a percentage of non-inter-level travel turns spent in this place.
 E = Turns spent auto-exploring this place as a percentage of non-inter-level travel turns spent in this place.
 F = Non-inter-level travel turns spent in this place divided by the number of levels of this place that you've seen.
                   A       B       C       D       E      F
               +-------+-------+-------+-------+-------+----------------------
         Total | 100.0 | 100.0 |   0.4 |   1.5 |   2.4 | 1043.7
       Dungeon | 100.0 | 100.0 |   0.4 |   1.5 |   2.4 | 1043.7
               +-------+-------+-------+-------+-------+----------------------

Table legend:
 A = Kills in this place as a percentage of kills in entire the game.
 B = Kills by you in this place as a percentage of kills by you in the entire game.
 C = Kills by friends in this place as a percentage of kills by friends in the entire game.
 D = Other kills in this place as a percentage of other kills in the entire game.
 E = Experience gained in this place as a percentage of experience gained in the entire game.
 F = Experience gained in this place divided by the number of levels of this place that you have seen.
                   A       B       C       D       E      F
               +-------+-------+-------+-------+-------+----------------------
         Total | 100.0 | 100.0 |  -nan |  -nan | 100.0 |  43.0
       Dungeon | 100.0 | 100.0 |  -nan |  -nan | 100.0 |  43.0
               +-------+-------+-------+-------+-------+----------------------

Vanquished Creatures
  An orc wizard (D:2)
  An adder (D:2)
  An ooze (D:1)
  2 worms
  7 giant cockroaches
  5 hobgoblins
  2 jackals (D:1)
  6 bats
  4 giant newts
  4 goblins
  6 kobolds
  8 rats
47 creatures vanquished.

Notes
Turn   | Place    | Note
--------------------------------------------------------------
     0 | D:1      | jw the Octopode Berserker began the quest for the Orb.
     0 | D:1      | Reached XP level 1. HP: 16/16 MP: 1/1
    94 | D:1      | Reached XP level 2. HP: 14/21 MP: 2/2
   277 | D:1      | Reached skill level 1 in Throwing
   738 | D:1      | Reached XP level 3. HP: 26/26 MP: 3/3
   750 | D:1      | Reached ** piety under Trog
  1472 | D:2      | Found a sacrificial altar of Ru.
  1477 | D:2      | Reached XP level 4. HP: 22/31 MP: 4/4
  1644 | D:2      | Reached skill level 4 in Axes
  2418 | D:3      | Noticed jw's ghost (amateur OpBe)
  2471 | D:3      | Slain by a goblin

Action                   |  1- 3 |  4- 6 || total
-------------------------+-------+-------++-------
Melee: Hand axe          |    52 |    22 ||    74
Throw: Stone             |    43 |    25 ||    68
Invok: Berserk           |     2 |       ||     2
       Trog's Hand       |       |     1 ||     1
  Use: Scroll            |     2 |     3 ||     5
       Potion            |     1 |       ||     1
 Stab: Sleeping          |     3 |     3 ||     6
       Paralysed         |       |     1 ||     1
  Eat: Chunk             |     4 |     2 ||     6

Vault maps used:
D:1:      dpeg_arrival_long_road, hangedman_decor_peaks_small
D:2:      nicolae_ru_great_annihilating_truth
